 Dungeon Crawl Stone Soup version 0.30.1-9-gdf580d7c3d (webtiles) character file.

Game seed: 1975353397345775701

116 Ivernyr the Twirler (level 5, -5/41 HPs)
             Began as a Formicid Fighter on Oct 5, 2023.
             Slain by a gnoll
             ... wielding a +0 trident
              (11 damage)
             ... on level 4 of the Dungeon.
             The game lasted 00:05:04 (1923 turns).

Ivernyr the Twirler (Formicid Fighter)              Turns: 1923, Time: 00:05:04

Health: -5/41      AC:  0    Str: 23    XL:     5   Next: 21%
Magic:  5/5        EV:  9    Int:  7    God:
Gold:   275        SH:  5    Dex: 13    Spells: 4/4 levels left

rFire   . . .        a - +0 quarterstaff
rCold   . . .        c - +0 buckler
rNeg    . . .        b - +0 scale mail
rPois   .            (helmet unavailable)
rElec   .            g - +0 cloak
rCorr   +            (no gloves)
SInv    +            (no boots)
Will    .....        (no amulet) Stlth
                     o - ring of resist corrosion
HPRegen 0.26/turn    (no ring)
MPRegen 0.09/turn

%: no passive effects
@: corroded
A: permanent stasis, dig shafts and tunnels, antennae 3, four strong arms
a: Dig, Shaft Self


You were on level 4 of the Dungeon.
You visited 1 branch of the dungeon, and saw 4 of its levels.

You collected 275 gold pieces.

Inventory:

Hand Weapons
 a - a +0 quarterstaff (weapon)
Armour
 b - a +0 scale mail (worn)
 c - a +0 buckler (worn)
 g - a +0 cloak (worn)
Jewellery
 o - a ring of resist corrosion (left hand)
Scrolls
 f - 8 scrolls of identify {unknown}
 h - a scroll of teleportation {unknown}
 k - a scroll of acquirement {unknown}
 n - a scroll of poison {unknown}
Potions
 d - 2 potions of might
 e - 2 potions of degeneration {unknown}
 i - 2 potions of haste {unknown}
 j - a potion of resistance
 l - a potion of lignification {unknown}
 m - 2 potions of brilliance {unknown}
 p - a potion of flight {unknown}
 q - 2 potions of magic {unknown}


   Skills:
 - Level 3.2 Fighting
 + Level 5.0 Staves
 - Level 3.2 Armour
 - Level 4.0 Shields


You had 4 spell levels left.
You didn't know any spells.
Your spell library contained the following spells:

 Spells                   Type           Power      Damage    Failure   Level
 Arcjolt                  Conj/Air       0%         1d10      100%        5
 Plasma Beam              Fire/Air       0%         2x1d11    100%        6
 Vhi's Electric Charge    Tloc/Air       Unusable   N/A       N/A         3

Dungeon Overview and Level Annotations

Branches:
Dungeon (4/15)
 Temple: D:4-7

Altars:


Innate Abilities, Weirdness & Mutations

You cannot be hasted, slowed, berserked, paralysed or teleported.
You can dig through walls and to a lower floor.
You have a pair of large antennae on your head. (SInv)
Your four strong arms can wield two-handed weapons with a shield.


Message History

The goblin shoots a sling bullet.
The sling bullet closely misses you.
The orc moves out of view.
The goblin unwields a +0 sling of freezing.
The goblin wields a +0 spear.
The goblin hits you with a +0 spear.
You sock the goblin!
You kill the goblin!
Found a dagger.
Items here: ( )) †.
You barely miss the orc.
A gnoll comes into view. It is wielding a +0 trident.
The orc zaps a wand.
The bolt of acid hits you! You resist. The acid corrodes you!
The gnoll shouts!
You hit the orc.
The orc is moderately wounded.
The orc barely misses you.
You hit the orc but do no damage.
The orc is moderately wounded.
The gnoll drinks a potion.
The gnoll suddenly seems more resistant.
The orc hits you with a +0 hand axe.
You closely miss the orc.
The orc is moderately wounded.
The orc hits you with a +0 hand axe.
The orc zaps a wand.
The bolt of acid misses you.
You closely miss the orc.
The orc is moderately wounded.
The orc zaps a wand.
The bolt of acid hits you. You resist. The acid corrodes you!
You barely miss the orc.
The orc is moderately wounded.
The orc barely misses you.
You closely miss the orc.
The orc is moderately wounded.
The gnoll hits you from afar with a +0 trident!
* * * LOW HITPOINT WARNING * * *
The orc hits you with a +0 hand axe.
* * * LOW HITPOINT WARNING * * *
The gnoll hits you from afar with a +0 trident!
You die...

#.....####..####..##)#
###.....##(...(##......#
#.......##.)##>..........
...............†........#
..........#..............
..(......................
.........###.............
.......#.# #.#...........
........@#.#.............
.....#..)og....#....#...
#.......##.##.......##.
#...###. ...#.###...#
#.#. .. . .... .#.. #.
##. .#.# .. #... .. .# .)


You could see a gnoll (resistant) and an orc.

Vanquished Creatures
  Robin (D:2)
  An adder (D:4)
  A worm (D:2)
  3 dart slugs
  13 orcs
  4 ball pythons
  3 bats
  3 endoplasms
  A giant cockroach (D:3)
  17 goblins
  4 hobgoblins
  3 quokkas
  2 frilled lizards
  4 kobolds
  11 rats
71 creatures vanquished.

Notes
Turn   | Place    | Note
-------+----------+-------------------------------------------
     0 | D:1      | Ivernyr the Formicid Fighter began the quest for the Orb.
     0 | D:1      | Reached XP level 1. HP: 18/18 MP: 1/1
   124 | D:1      | Reached XP level 2. HP: 20/24 MP: 2/2
   191 | D:1      | Reached skill level 3 in Staves
   350 | D:1      | Reached XP level 3. HP: 26/29 MP: 3/3
   630 | D:2      | Noticed Robin
   688 | D:2      | Killed Robin
   689 | D:2      | Reached skill level 4 in Staves
   689 | D:2      | Reached XP level 4. HP: 35/35 MP: 4/4
   727 | D:2      | Found a faded altar of an unknown god.
   938 | D:2      | Identified the +4 dagger "Juvoumn" {freeze, rC++}
  1826 | D:4      | Reached XP level 5. HP: 41/41 MP: 5/5
  1880 | D:4      | Reached skill level 5 in Staves
  1923 | D:4      | Slain by a gnoll

Illustrated notes

Levels and vault maps discovered:
D:1:      lordsloth_arrival_two_stooges, layout_basic, hangedman_decor_points
D:2:      layout_rooms, basic_ecumenical_altar, dreamdust_wishing_well,
          uniq_robin
D:3:      layout_basic, serial_park_tiny_pond, kennysheep_generic_room_4
D:4:      layout_cave_pools, serial_shops, nicolae_shop_window_shopping,
          hellmonk_ghost_happy_afterlife, minmay_fractal_squares_5

Skill      XL: |  1  2  3  4  5 |
---------------+----------------+-----
Staves         | 3 4 5 |  5.0
Fighting       | |  3.2
Armour         | |  3.2
Shields        | |  4.0

Action                     |  1- 3 |  4- 6 || total
---------------------------+-------+-------++-------
  Melee: Quarterstaff      |    72 |   109 ||   181
 Armour: Scale mail        |    44 |    34 ||    78
  Dodge: Dodged            |    42 |    44 ||    86
  Block: Buckler           |    16 |    26 ||    42
